Get step-by-step instructions on how to execute this build order below. Start the game timer, and the build order will tick by so you can play in parallel with StarCraft on a second screen or mobile device.

Game Time

  0:00

Last Step

  N/A

Next Step

Upcoming Step



Don't want to look back and forth between 2 screens? Try out our Overwolf App, the Spawning Tool Build Advisor to get an in-game overlay with this build!

Complete Build Order

  12  0:04  Probe (Chrono Boost)  
  12  0:14  Probe (Chrono Boost)  
  12  0:19  Pylon  
  12  0:25  Probe (Chrono Boost)  
  12  0:37  Gateway  
  12  0:46  Probe (Chrono Boost)  
  12  0:53  Assimilator  
  12  0:57  Probe (Chrono Boost)  
  12  1:08  Probe (Chrono Boost)  
  12  1:24  Nexus  
  12  1:33  Cybernetics Core  
  12  1:35  Probe (Chrono Boost)  
  12  1:45  Probe (Chrono Boost)  
  12  1:56  Probe (Chrono Boost)  
  12  2:10  Gateway